Map: Terraplenes de priones

Players

GothicGhost - Winner!

  • Race: Protoss Protoss

DavixD

  • Race: Terran Terran
  • League: Diamond

VOD

Have the link to the VOD?

Description

Time

  • Played on: April 27, 2016, 3:15 p.m.
  • Length: 5:46
Show
View Real Time Build Order
Export as new Build Order

GothicGhost Protoss - Winner!

Build Orders: Oracle Opening, Mass Adepts 

Get SALT Encoding   

  12  0:01  Probe (Chrono Boost)  
  13  0:11  Probe (Chrono Boost)  
  14  0:18  Pylon  
  14  0:22  Probe (Chrono Boost)  
  15  0:36  Probe (Chrono Boost)  
  15  0:37  Gateway  
  16  0:47  Probe (Chrono Boost)  
  16  0:48  Assimilator  
  17  0:55  Assimilator  
  17  0:57  Probe (Chrono Boost)  
  18  1:07  Pylon  
  18  1:08  Probe (Chrono Boost)  
  20  1:18  Probe (Chrono Boost)  
  20  1:21  Gateway  
  20  1:29  Probe (Chrono Boost)  
  21  1:35  Cybernetics Core  
  21  1:49  Probe (Chrono Boost)  
  22  2:05  Pylon  
  22  2:06  Probe (Chrono Boost)  
  23  2:17  Warp Gate (Chrono Boost)  
  23  2:18  Adept x2  
  29  2:23  Mothership Core (Chrono Boost)  
  29  2:33  Stargate  
  29  2:38  Gateway  
  29  2:49  Adept x2  
  33  2:57  Pylon  
  33  3:16  Adept x2  
  33  3:18  Oracle (Chrono Boost)  
  40  3:50  Adept x3  
  42  4:03  Pylon  
  42  4:05  Pylon  
  38  4:35  Oracle (Chrono Boost)  
  41  4:42  Pylon  
  41  4:45  Twilight Council  
  41  4:55  Adept x3  
Show
View Real Time Build Order
Export as new Build Order

DavixD Terran 

Build Orders:  

Get SALT Encoding   

  12  0:01  SCV  
  13  0:16  Supply Depot  
  13  0:18  SCV  
  14  0:30  SCV  
  15  0:40  Barracks  
  15  0:42  Refinery  
  15  0:45  SCV  
  16  0:57  SCV  
  17  1:09  SCV  
  18  1:21  SCV  
  19  1:30  Marine  
  20  1:34  Orbital Command  
  20  1:48  Factory  
  20  1:57  Command Center  
  20  2:03  SCV  
  21  2:09  Refinery  
  21  2:27  Barracks, Barracks Reactor  
  23  2:39  SCV  
  23  2:41  Factory Tech Lab  
  22  2:47  Supply Depot  
  22  2:52  SCV  
  23  3:08  Marine x2, Cyclone, SCV  
  23  3:11  Orbital Command  
  29  3:13  Bunker  
  29  3:20  Barracks Tech Lab  
  29  3:30  SCV  
  28  3:34  Marine x2  
  30  3:41  Marauder  
  30  3:44  SCV  
  30  3:45  SCV  
  31  4:05  SCV x2  
  29  4:17  SCV x2  
  26  4:25  Marine x2  
  26  4:27  Cyclone  
  23  4:35  SCV x2  
  24  4:52  Marine x2  
  24  4:55  Engineering Bay  
  24  4:58  SCV x2  
  28  5:10  SCV x2  
  30  5:18  Barracks  
  30  5:22  SCV x2  
Tags
 
Add a new tag
Caveats
  • Supply blocks, unpowered buildings, or Contaminate may cause inaccurate times.
  • Supply counts are checked every 10 seconds.